Map: Acid Plant LE

Players

Namshar

  • Race: Zerg Zerg
  • League: Grandmaster
  • Spawn Location: 11:00

Harstem - Winner!

  • Race: Protoss Protoss
  • League: Master
  • Spawn Location: 5:00

Event: HomeStory Cup XVII

VOD

Have the link to the VOD?

Description

Time

  • Played on: June 30, 2018, 7:07 a.m.
  • Length: 9:01

All games in this series

Show
View Real Time Build Order
Export as new Build Order

Namshar Zerg 

Build Orders: Hatch First 

Get SALT Encoding   

  12  0:01  Drone  
  13  0:15  Overlord  
  13  0:17  Drone  
  14  0:33  Drone  
  14  0:34  Drone  
  16  0:37  Drone  
  17  0:53  Hatchery  
  17  0:54  Drone  
  17  0:59  Drone  
  18  1:09  Extractor  
  17  1:13  Spawning Pool  
  17  1:16  Drone  
  17  1:20  Drone  
  18  1:31  Drone  
  19  1:42  Drone  
  20  1:52  Overlord  
  20  2:02  Queen  
  20  2:05  Queen  
  20  2:06  Zergling x2  
  20  2:07  Drone  
  26  2:09  Metabolic Boost  
  26  2:14  Drone  
  27  2:16  Drone  
  28  2:25  Zergling x2  
  28  2:27  Drone  
  30  2:35  Drone  
  31  2:37  Hatchery  
  30  2:44  Drone  
  30  2:46  Overlord  
  31  2:53  Queen  
  31  2:56  Zergling x2  
  34  2:58  Drone  
  34  3:02  Drone  
  36  3:11  Drone  
  36  3:12  Drone  
  38  3:14  Drone x4  
  38  3:15  Overlord  
  42  3:22  Overlord  
  42  3:23  Drone  
  42  3:26  Drone  
  44  3:35  Queen  
  44  3:36  Lair  
  44  3:40  Overlord  
  46  3:42  Drone  
  46  3:45  Drone  
  46  3:47  Spore Crawler  
  47  3:49  Spore Crawler, Drone  
  47  3:52  Drone x2  
  49  3:56  Drone x2  
  49  4:00  Drone x2  
  53  4:09  Drone x3  
  54  4:12  Drone x2  
  54  4:15  Drone, Extractor  
  55  4:17  Drone, Extractor  
  55  4:18  Drone  
  55  4:23  Spore Crawler, Drone  
  55  4:24  Drone  
  55  4:28  Drone  
  55  4:29  Drone x3  
  59  4:34  Hydralisk Den  
  59  4:37  Overlord  
  58  4:45  Drone x4  
  62  4:46  Spore Crawler  
  62  4:48  Overlord  
  62  4:50  Overlord  
  61  4:55  Drone  
  62  5:03  Hydralisk x2  
  62  5:04  Hydralisk  
  62  5:06  Muscular Augments  
  67  5:09  Drone  
  67  5:10  Extractor  
  67  5:13  Drone x2  
  70  5:14  Drone  
  70  5:15  Overlord, Hydralisk  
  70  5:16  Hydralisk  
  70  5:21  Hydralisk  
  74  5:22  Zergling x4  
  78  5:29  Hydralisk  
  78  5:33  Drone  
  78  5:34  Drone x6  
  86  5:36  Zergling x4  
  86  5:41  Hydralisk  
  77  5:57  Drone x8  
  77  6:00  Drone  
  82  6:04  Hydralisk x2  
  82  6:08  Evolution Chamber  
  82  6:11  Baneling Nest, Evolution Chamber  
  83  6:21  Grooved Spines  
  83  6:23  Drone x2  
  83  6:24  Drone, Extractor  
  85  6:25  Extractor  
  84  6:35  Queen  
  84  6:37  Drone x6  
  84  6:38  Hydralisk x2, Hatchery  
  84  6:39  Hydralisk  
  97  6:42  Overlord  
  97  6:45  Overlord x2  
  96  6:57  Overlord x3  
  96  6:59  Centrifical Hooks  
  96  7:01  Zerg Missile Weapons Level 1, Zerg Melee Weapons Level 1  
  96  7:03  Hydralisk x2  
  100  7:08  Hydralisk  
  100  7:09  Zergling x6  
  100  7:11  Overlord  
  106  7:15  Zergling x6  
  106  7:29  Hydralisk x6  
  112  7:32  Zergling x6  
  121  7:37  Baneling  
  121  7:38  Baneling, Zergling x2  
  121  7:39  Zergling x2  
  121  7:41  Baneling  
  121  7:42  Baneling  
  121  7:43  Zergling x2  
  123  7:48  Hydralisk x3, Zergling x4  
  123  7:49  Zergling x4  
  122  7:52  Hydralisk, Zergling x2  
  122  7:57  Zergling x8  
  109  8:00  Hydralisk  
  104  8:06  Hydralisk, Zergling x2  
  100  8:14  Hydralisk  
  100  8:15  Hydralisk, Zergling x4  
  94  8:21  Hydralisk  
  94  8:22  Hydralisk x3  
  94  8:23  Zergling x4  
  94  8:24  Hydralisk  
  94  8:25  Zergling x2  
  99  8:30  Hydralisk  
  99  8:31  Zergling x2  
  96  8:40  Zergling x2  
Show
View Real Time Build Order
Export as new Build Order

Harstem Protoss - Winner!

Build Orders: 1 Gate Expand, Oracle Opening 

Get SALT Encoding   

  12  0:01  Probe  
  13  0:13  Probe  
  14  0:18  Pylon  
  14  0:25  Probe  
  15  0:33  Probe  
  15  0:38  Gateway  
  15  0:41  Probe  
  16  0:48  Assimilator  
  17  0:51  Probe  
  18  1:03  Probe  
  19  1:15  Probe  
  20  1:25  Nexus  
  20  1:36  Cybernetics Core  
  20  1:40  Probe  
  21  1:47  Assimilator  
  21  1:52  Probe  
  22  1:55  Pylon  
  22  2:04  Adept, Probe  
  25  2:16  Probe  
  25  2:22  Stargate  
  26  2:28  Probe  
  27  2:30  Warp Gate  
  27  2:35  Adept  
  29  2:38  Probe  
  29  2:41  Probe  
  31  2:50  Probe  
  32  2:53  Probe  
  32  2:58  Oracle  
  33  3:02  Probe, Stalker  
  33  3:05  Probe  
  40  3:13  Pylon  
  40  3:14  Probe  
  40  3:17  Probe  
  42  3:26  Probe  
  43  3:30  Twilight Council  
  43  3:38  Gateway, Probe  
  44  3:43  Gateway, Resonating Glaives  
  44  3:49  Probe  
  44  3:51  Probe  
  44  3:54  Assimilator  
  46  3:57  Assimilator  
  46  3:59  Robotics Facility  
  46  4:01  Probe  
  47  4:03  Probe  
  48  4:14  Probe  
  48  4:15  Probe  
  48  4:16  Pylon  
  50  4:28  Probe  
  50  4:30  Probe  
  52  4:33  Pylon  
  52  4:35  Adept x2  
  52  4:38  Adept  
  58  4:52  Immortal  
  62  4:57  Pylon  
  62  4:59  Adept x3  
  68  5:05  Nexus  
  68  5:13  Probe x2  
  70  5:15  Gateway  
  70  5:19  Gateway  
  70  5:21  Sentry  
  72  5:27  Gateway  
  72  5:34  Sentry x2  
  75  5:42  Immortal  
  71  5:51  Sentry  
  71  5:56  Gateway, Probe  
  74  5:57  Probe  
  74  5:59  Gateway  
  71  6:04  Sentry x2  
  71  6:08  Pylon  
  75  6:14  Pylon  
  75  6:16  Probe  
  75  6:17  Probe  
  77  6:19  Warp Prism  
  77  6:22  Sentry x2, Probe  
  84  6:26  Adept, Sentry  
  84  6:31  Probe  
  84  6:32  Adept  
  91  6:35  Probe  
  91  6:36  Probe  
  93  6:45  Pylon  
  94  6:47  Sentry, Pylon  
  94  6:51  Adept  
  94  6:52  Adept  
  94  6:53  Adept  
  101  7:01  Pylon  
  101  7:03  Pylon  
  101  7:05  Adept, Pylon  
  103  7:09  Adept x2  
  103  7:26  Adept x6  
  103  7:29  Adept x2  
  109  7:52  Adept x8  
  117  8:13  Warp Prism  
  105  8:21  Adept x8  
  117  8:36  Probe  
  117  8:37  Probe  
  117  8:38  Probe  
  116  8:41  Adept x7  
  116  8:48  Probe  
  118  8:56  Assimilator  
  118  8:58  Assimilator  
  118  9:00  Adept  
Tags
 
Add a new tag
Caveats
  • Supply blocks, unpowered buildings, or Contaminate may cause inaccurate times.
  • Supply counts are checked every 10 seconds.